 Dungeon Crawl Stone Soup version 0.31-a0-259-g771a54c (webtiles) character file.

Game seed: 5720202304016955463

80 Dawnplanks the Changeling (level 3, -1/43 HPs)
             Began as a Demigod Shapeshifter on July 13, 2023.
             Succumbed to a kobold brigand's poison
             ... on level 3 of the Dungeon.
             The game lasted 00:04:08 (1957 turns).

Dawnplanks the Changeling (Demigod Shapeshifter)    Turns: 1957, Time: 00:04:08

Health: -1/43      AC: 21    Str: 20    XL:     3   Next: 98%
Magic:  5/5        EV:  2    Int: 10    God:
Gold:   286        SH:  0    Dex: 14    Spells: 2/2 levels left

rFire   . . .        f - +0 whip
rCold   . . .        (no shield)
rNeg    + . .        s - melded +1 scale mail {rC+}
rPois   +            (helmet currently unavailable)
rElec   .            (cloak currently unavailable)
rCorr   .            (gloves currently unavailable)
SInv    .            (boots currently unavailable)
Will    .....        (no amulet)
Stlth   +            q - ring of positive energy
HPRegen 0.27/turn    (no ring)
MPRegen 0.09/turn

%: no passive effects
@: lethally poisoned (-1 -> -10), tree-form
A: stationary, stasis, torment immunity, boosted hp, high MP 1, forlorn, divine
attributes
a: no special abilities


You were on level 3 of the Dungeon.
You were a tree.
You visited 1 branch of the dungeon, and saw 3 of its levels.

You collected 286 gold pieces.

Inventory:

Hand Weapons
 f - a +0 whip (weapon)
Missiles
 l - 6 javelins (quivered)
 n - 3 curare-tipped darts
Armour
 a - a +0 animal skin
 h - a +0 leather armour
 s - a +1 scale mail of cold resistance (melded)
Jewellery
 q - a ring of positive energy (left branch)
Talismans
 c - a beast talisman
Wands
 p - a wand of mindburst (20)
Scrolls
 d - a scroll of revelation {unknown}
 g - a scroll of teleportation {unknown}
 j - a scroll of noise {unknown}
 k - a scroll of enchant armour {unknown}
 o - a scroll of fear {unknown}
Potions
 b - 2 potions of lignification
 e - a potion of magic
 i - a potion of degeneration {unknown}
 m - 2 potions of curing {unknown}
 r - a potion of resistance {unknown}


   Skills:
 + Level 2.2 Fighting
 + Level 0.4 Armour
 + Level 2.3 Dodging
 + Level 2.1 Unarmed Combat
 * Level 3.5 Shapeshifting


You had 2 spell levels left.
You didn't know any spells.
Your spell library contained the following spells:

 Spells                   Type           Power      Damage    Failure   Level
 Freeze                   Ice            0%         1d3       36%         1
 Slow                     Hex            0%         N/A       36%         1
 Confusing Touch          Hex            0%         N/A       75%         3
 Frozen Ramparts          Ice            0%         1d1       75%         3
 Hailstorm                Conj/Ice       0%         3d3       75%         3
 Vampiric Draining        Necr           0%         2d6       75%         3
 Summon Ice Beast         Ice/Summ       0%         N/A       98%         4
 Simulacrum               Ice/Necr       0%         N/A       100%        6


Dungeon Overview and Level Annotations

Branches:
Dungeon (3/15)


Innate Abilities, Weirdness & Mutations

You are a tree.
Your roots penetrate the ground, keeping you stationary.
You cannot be teleported.
You are immune to unholy pain and torment.
Your maximum health is greatly increased.
Your equipment is partially melded.
You have an increased reservoir of magic. (+10% MP)
You shall have no god before yourself.
Your divine heritage dramatically boosts your attributes as you level up.


Message History

A poisoned dart appears from out of thin air!
The poisoned dart hits you!
You are more poisoned.
You feel very sick.
A poisoned dart appears from out of thin air!
The poisoned dart hits you!
You are more poisoned.
You feel very sick.
You feel very sick.
Your transformation has ended.
You turn into a tree.
Your +1 scale mail of cold resistance melds into your body.
You feel less resistant to cold.
Your roots penetrate the ground.
You feel sick.
You cannot move.
You cannot move.
You cannot move.
You cannot move.
It was a potion of magic.
Magic courses through your body.
You feel sick.
You start resting.
You feel sick. x4
A poisoned dart appears from out of thin air!
The poisoned dart hits you!
You feel sick.
A poisoned dart appears from out of thin air!
The poisoned dart hits you!
You are more poisoned.
* * * LOW HITPOINT WARNING * * *
You feel sick.
A poisoned dart appears from out of thin air!
The poisoned dart hits you!
* * * LOW HITPOINT WARNING * * *
You feel sick.
A poisoned dart appears from out of thin air!
The poisoned dart hits you!
You are lethally poisoned!
* * * LOW HITPOINT WARNING * * *
You feel very sick.
* * * LOW HITPOINT WARNING * * *
You feel sick.
You die...

#......#.# ##..
~~# ...#
######.#.#
#.)##≈~## ...
#.#.# #.)#≈~~~#
#.# #..#≈≈~~#
#.#####))#≈~~~#
#.##..#..##~~##
#.##..##..#~~#
#.##..##).# ##
#.##..♣#..#
#.##......#
#.##))#...#
#.##..#####
#.....# ####.##
#... #####


There were no monsters in sight!

Vanquished Creatures
  5 orcs (D:3)
  6 bats
  4 endoplasms
  2 giant cockroaches
  4 goblins
  12 hobgoblins
  5 jackals (D:1)
  11 kobolds
  3 quokkas
  5 ball pythons
  A frilled lizard (D:3)
  3 rats (D:3)
61 creatures vanquished.

Notes
Turn   | Place    | Note
-------+----------+-------------------------------------------
     0 | D:1      | Dawnplanks the Demigod Shapeshifter began the quest for the
                  | Orb.
     0 | D:1      | Reached XP level 1. HP: 17/17 MP: 3/3
   224 | D:1      | Reached skill level 3 in Shapeshifting
   227 | D:1      | Reached XP level 2. HP: 12/24 MP: 4/4
   779 | D:2      | Reached XP level 3. HP: 28/29 MP: 5/5
  1937 | D:3      | Noticed a kobold brigand
  1956 | D:3      | HP: 2/43 [poisoned by a kobold brigand]
  1957 | D:3      | Succumbed to a kobold brigand's poison

Illustrated notes

Levels and vault maps discovered:
D:1:      nagdon_arrival_double_spiral, layout_basic
D:2:      layout_loops_ring
D:3:      cheibrodos_thug_alley, layout_basic, cheibriados_altar_1,
          mainiacjoe_overflow_chevrons, gammafunk_ghost_smash,
          shapermc_ecumenical_altar_pompeii, hangedman_decor_slide_cut,
          grunt_ministairs_4

Skill      XL: |  1  2  3 |
---------------+----------+-----
Shapeshifting  | 3 |  3.5
Unarmed Combat | 2 |  2.1
Dodging        | 2 |  2.3
Fighting       | 2 |  2.2
Armour         | |  0.4

Action                     || total
---------------------------++-------
  Melee: Unarmed           ||    35
         Whip              ||   138
         Punch             ||     2
    Use: Potion            ||     2
   Stab: Sleeping          ||     1
 Armour: Animal skin       ||    13
         Leather armour    ||    23
  Dodge: Dodged            ||    95

Table legend: (Time is in decaauts)
 A = Elapsed time spent in this place.
 B = Non-inter-level travel time spent in this place.
 C = Inter-level travel time spent in this place.
 D = Time resting spent in this place.
 E = Time spent auto-exploring this place.
 F = Levels seen in this place.
 G = Mean time per level.
                   A        B        C        D        E       F      G
               +--------+--------+--------+--------+--------+-----+--------+
         Total |   1968 |   1873 |     95 |      4 |   1448 |   3 |  656.0 |
       Dungeon |   1968 |   1873 |     95 |      4 |   1448 |   3 |  656.0 |
               +--------+--------+--------+--------+--------+-----+--------+

Top non-repeatable levels by time:
     D:1: 725 daAuts
     D:2: 644 daAuts
     D:3: 598 daAuts
